 Dungeon Crawl Stone Soup version 0.19-a0-212-gd839b17 (webtiles) character file.

109 AlphabetPasta the Charlatan (level 4, -10/26 HPs)
             Began as a Tengu Artificer on May 24, 2016.
             Killed by divine providence
             ... invoked by an orc priest
              (14 damage)
             ... on level 3 of the Dungeon.
             The game lasted 00:11:39 (2144 turns).

AlphabetPasta the Charlatan (Tengu Artificer)       Turns: 2144, Time: 00:11:42

Health: -10/26     AC:  3    Str: 11    XL:     4   Next: 89%
Magic:  0/7        EV: 12    Int: 13    God:
Gold:   41         SH:  0    Dex: 15    Spells: 0 memorised, 3 levels left

rFire  . . .     SeeInvis .     a - +0 short sword
rCold  . . .     Gourm    .     b - +0 leather armour
rNeg   . . .     Faith    .     (no shield)
rPois  .         Spirit   +     (helmet restricted)
rElec  .         Dismiss  .     (no cloak)
rCorr  .         Reflect  .     (no gloves)
SustAt .         Harm     .     (boots unavailable)
MR     .....                    g - amulet of guardian spirit
Stlth  ++........               (no ring)
                                (no ring)

@: not resistant to hostile enchantments, unstealthy
A: beak, talons 3
a: no special abilities


You were on level 3 of the Dungeon.
You were not hungry.

You visited 1 branch of the dungeon, and saw 3 of its levels.

You collected 41 gold pieces.

Inventory:

Hand Weapons
 a - a +0 short sword (weapon)
Armour
 b - a +0 leather armour (worn)
Jewellery
 g - an amulet of guardian spirit (around neck)
 o - an uncursed ring of poison resistance {unknown}
Wands
 c - a wand of flame (9/48)
 d - a wand of enslavement (13/24)
 e - a wand of random effects (11/48)
 q - a wand of teleportation (2/9)
Scrolls
 h - 2 scrolls of remove curse {unknown}
 j - a scroll of identify {unknown}
 k - 3 scrolls of fog {unknown}
 l - a scroll of random uselessness {unknown}
 p - a scroll of fear {unknown}
 r - a scroll of recharging {unknown}
 s - 2 scrolls of enchant weapon {unknown}
 t - a scroll of amnesia {unknown}
 w - a scroll of immolation {unknown}
Potions
 i - a potion of haste {unknown}
 m - 2 potions of curing {unknown}
 u - a potion of flight {unknown}
Comestibles
 f - a bread ration
 n - a meat ration
 v - 5 chunks of flesh
 x - a beef jerky


   Skills:
 + Level 2.0 Fighting
 + Level 1.8 Short Blades
 + Level 2.9 Dodging
 + Level 2.4 Stealth
 * Level 3.9 Evocations


You had 3 spell levels left.
You didn't know any spells.

Dungeon Overview and Level Annotations

Branches:
Dungeon (3/15)

Altars:
Yredelemnul


Innate Abilities, Weirdness & Mutations

You have a beak for a mouth.
You have claws for feet.


Message History

The orc priest invokes the aid of Beogh against you.
Beogh smites you!
* * * LOW HITPOINT WARNING * * *
The orc priest misses your orc.
The orc priest miscasts a cantrip.
The orc hits your orc with a war axe!
Your orc dies!
Evoke which item? (* to show all) (? for menu, Esc to quit)
That item cannot be evoked!
Evoke which item? (* to show all) (? for menu, Esc to quit)
Zapping:
c - a wand of flame (10/48)
Press: ? - help, Shift-Dir - straight line, f - orc priest
Aim: an orc priest, wearing a leather armour (moderately wounded)
The puff of flame hits the orc priest.
The orc priest is moderately wounded.
This wand has 9 charges left.
The orc priest mumbles some strange prayers to Beogh against you.
Beogh smites you!
Ouch! That really hurt!
You die...

.# #..................
'####....).............
...##.................
...##..>.............
...##.###......#####
#####............#
#..####.####.#
#..##[....##.#
#..#.......#@#
###+.#.......#o#
#........_....o#
#....#.......#)#
#....#...)...#.#
#....##.....##..
#....####.####...
#..... ..... ....$
#.....##.###.......


You could see an orc priest and an orc.

Vanquished Creatures
  2 adders
  An ooze (D:2)
  2 dart slugs
  6 giant geckos
  4 orcs (D:3)
  3 giant cockroaches
  7 goblins
  6 hobgoblins
  14 jackals
  8 kobolds
  A quokka (D:2)
  4 bats
  2 giant newts (D:2)
  6 rats
66 creatures vanquished.

Vanquished Creatures (others)
  An orc (D:3)
  A bat (D:3)
2 creatures vanquished.

Grand Total: 68 creatures vanquished

Notes
Turn   | Place    | Note
--------------------------------------------------------------
     0 | D:1      | AlphabetPasta the Tengu Artificer began the quest for the Orb.
     0 | D:1      | Reached XP level 1. HP: 12/12 MP: 4/4
   335 | D:1      | Reached XP level 2. HP: 13/16 MP: 5/5
   762 | D:1      | Reached XP level 3. HP: 16/20 MP: 6/6
  1304 | D:2      | Reached XP level 4. HP: 21/26 MP: 7/7
  2113 | D:3      | Found a basalt altar of Yredelemnul.
  2144 | D:3      | Killed from afar by an orc priest

Vault maps used:
D:1:      dpeg_arrival_pond
D:2:      lemuel_upstairs_altar
D:3:      old_standard_altar

Skill      XL: |  1  2  3  4 |
---------------+-------------+-----
Stealth        | 2 |  2.4
Fighting       | 2 |  2.0
Short Blades   | |  1.8
Dodging        | |  2.9
Evocations     | |  3.9

Action                   |  1- 3 |  4- 6 || total
-------------------------+-------+-------++-------
Melee: Short sword       |   136 |    74 ||   210
       Kick              |    26 |    14 ||    40
       Peck              |    22 |     7 ||    29
Evoke: Wand              |     5 |     7 ||    12
 Stab: Sleeping          |       |     4 ||     4
       Distracted        |       |     1 ||     1
  Eat: Chunk             |     1 |     3 ||     4
Armor: Leather armour    |    31 |     9 ||    40
Dodge: Dodged            |    98 |    39 ||   137
